 Dungeon Crawl Stone Soup version 0.30-a0-331-g8ab09dc110 (webtiles) character file.

Game seed: 7817711796814445238

15044 purpskrrrp the Spear-Bearer (level 11, -5/101 HPs)
             Began as a Minotaur Fighter on Oct 29, 2022.
             Was a High Priest of Qazlal.
             Slain by Rupert
             ... wielding a +4 battleaxe of flaming
              (12 damage)
             ... while paralysed by Rupert
             ... on level 12 of the Dungeon.
             The game lasted 00:16:17 (12128 turns).

purpskrrrp the Spear-Bearer (Minotaur Fighter)     Turns: 12128, Time: 00:16:18

Health: -5/101     AC: 13    Str: 25    XL:     11   Next: 96%
Magic:  16/16      EV:  2    Int:  5    God:    Qazlal [*****.]
Gold:   692        SH:  0    Dex: 13    Spells: 10/10 levels left

rFire   . . .      SeeInvis +    j - +6 halberd of the Charming Gods {pain, Dex+3 Stlth+}
rCold   . . .      Faith    .    (shield currently unavailable)
rNeg    . . .      Spirit   .    b - +0 scale mail
rPois   .          Reflect  .    (helmet restricted)
rElec   .          Harm     .    (no cloak)
rCorr   .          Rampage  .    i - +1 pair of gloves
Will    .....                    (no boots)
Stlth   +.........               (no amulet)
HPRegen 0.36/turn                p - ring of see invisible
MPRegen 0.15/turn                (no ring)

@: paralysed, protected from physical damage, repel missiles
A: horns 2, retaliatory headbutt
a: Renounce Religion, Upheaval, Elemental Force, Disaster Area


You were on level 12 of the Dungeon.
You worshipped Qazlal.
Qazlal was extremely pleased with you.
You visited 1 branch of the dungeon, and saw 12 of its levels.
You also visited: Sewer and Ossuary.

You collected 692 gold pieces.

Inventory:

Hand Weapons
 a - a +1 trident
 j - the +6 halberd of the Charming Gods (weapon) {pain, Dex+3 Stlth+}
   (You acquired it on level 6 of the Dungeon)

   In the hands of one skilled in necromantic magic, it inflicts extra damage on
   living creatures.
   Dex:       It affects your dexterity (+3).
   Stlth:     It makes you more stealthy.
Armour
 b - a +0 scale mail (worn)
 c - a +0 buckler
 i - a +1 pair of gloves (worn)
Jewellery
 d - an amulet of faith
 f - a ring of poison resistance
 p - a ring of see invisible (left hand)
 B - a ring of positive energy
 D - the ring "Oplopal" {rC+ rCorr Int+2 SInv}
   (You found it on level 7 of the Dungeon)

   [ring of resist corrosion]

   Int:       It affects your intelligence (+2).
   rC:        It protects you from cold.
   SInv:      It lets you see invisible.
   rCorr:     It protects you from acid and corrosion.
 L - an amulet of the acrobat
Wands
 A - a wand of digging (5)
 C - a wand of roots (17)
 K - a wand of flame (7)
Scrolls
 g - 14 scrolls of identify
 l - 4 scrolls of enchant weapon
 m - a scroll of enchant armour
 n - 4 scrolls of teleportation
 r - a scroll of blinking {unknown}
 w - a scroll of torment
 y - 2 scrolls of amnesia
 E - 2 scrolls of immolation {unknown}
 F - a scroll of magic mapping {unknown}
 H - 2 scrolls of butterflies
 J - 2 scrolls of vulnerability {unknown}
Potions
 e - 8 potions of degeneration {unknown}
 h - 2 potions of ambrosia
 k - 4 potions of mutation {unknown}
 o - 11 potions of curing {unknown}
 q - 5 potions of attraction {unknown}
 s - 4 potions of lignification {unknown}
 t - 2 potions of brilliance {unknown}
 u - 2 potions of flight {unknown}
 v - 2 potions of cancellation {unknown}
 x - 2 potions of resistance
 z - 2 potions of heal wounds {unknown}
 G - a potion of haste
 I - a potion of berserk rage {unknown}


   Skills:
 + Level 10.5 Fighting
 + Level 14.6 Polearms
 + Level 9.1 Armour
 + Level 4.0 Dodging
 + Level 1.7 Stealth
 + Level 7.2 Shields
 * Level 8.5 Invocations


You had 10 spell levels left.
You didn't know any spells.
Your spell library contained the following spells:

 Spells                   Type           Power      Damage    Failure   Level
 Foxfire                  Conj/Fire      0%         2x1d4     73%         1
 Freeze                   Ice            0%         1d3       73%         1
 Magic Dart               Conj           0%         1d3       73%         1
 Sandblast                Erth           0%         2d4       73%         1
 Shock                    Conj/Air       0%         1d3       73%         1
 Ensorcelled Hibernation  Hex/Ice        0%         N/A       86%         2
 Scorch                   Fire           0%         2d5       86%         2
 Sublimation of Blood     Necr           0%         N/A       86%         2
 Wereblood                Tmut           0%         N/A       86%         2
 Frozen Ramparts          Ice            0%         1d1       97%         3
 Hailstorm                Conj/Ice       0%         3d3       97%         3
 Ozocubu's Armour         Ice            0%         N/A       97%         3
 Portal Projectile        Hex/Tloc       0%         N/A       97%         3
 Spider Form              Tmut/Pois      0%         N/A       97%         3
 Swiftness                Air            0%         N/A       97%         3
 Tukima's Dance           Hex            0%         N/A       97%         3
 Airstrike                Air            0%         2d(0-16)  100%        4
 Anguish                  Hex/Necr       0%         N/A       100%        4
 Flame Wave               Conj/Fire      0%         2d4       100%        4
 Fulminant Prism          Conj/Hex       0%         3d5       100%        4
 Sticky Flame             Conj/Fire      0%         2d3       100%        4
 Summon Ice Beast         Ice/Summ       0%         N/A       100%        4
 Blade Hands              Tmut           0%         N/A       100%        5
 Fireball                 Conj/Fire      0%         3d3       100%        5
 Metabolic Englaciation   Hex/Ice        0%         N/A       100%        5
 Summon Mana Viper        Hex/Summ       0%         N/A       100%        5
 Simulacrum               Ice/Necr       0%         N/A       100%        6
 Starburst                Conj/Fire      0%         6d3       100%        6
 Summon Cactus Giant      Summ           0%         N/A       100%        6
 Summon Hydra             Summ           0%         N/A       100%        7


Dungeon Overview and Level Annotations

Branches:
Dungeon (12/15)            Temple (0/1) D:5            Lair (0/5) D:11
    Orc (0/2) D:10          Sewer (visited)         Ossuary (visited)

Altars:
Elyvilon
Kikubaaqudgha
Makhleb
Qazlal
Sif Muna
Vehumet
Wu Jian
Xom
Zin
The Shining One

Shops:
D:5 ?   D:9 !   D:12 *

Annotations:
D:12 Rupert


Innate Abilities, Weirdness & Mutations

You have a pair of horns on your head.
You reflexively headbutt those who attack you in melee.


Message History

You hear a shout!
You hear a shout!
A centaur comes into view.
A centaur is nearby!
A centaur is nearby!
A centaur is nearby!
The centaur wields a +0 shortbow.
The centaur shoots an arrow.
The arrow barely misses you.
The centaur shoots an arrow.
The arrow barely misses you.
You hear a shout!
The centaur shoots an arrow.
The arrow closely misses you.
The centaur shoots an arrow.
The arrow closely misses you.
You reach to attack!
You slash the centaur!
The centaur is moderately wounded.
The centaur shoots an arrow.
You block the arrow.
You reach to attack!
You impale the centaur!!
You kill the centaur!
Qazlal accepts your kill.
Rupert the Wild comes into view.
He is wielding a +4 battleaxe of flaming and wearing a +4 scale mail of poison resistance.
A troll and 2 manticores come into view.
Found a scroll of poison.
Found Uryg's General Store.
The troll shouts!
Rupert roars wildly at you.
You suddenly lose the ability to move!
The manticore bites you! The manticore claws you. x2
Rupert roars madly and goes into a rage!
Rupert goes berserk!
The manticore bites you.
The manticore claws you but does no damage. x2
Rupert is engulfed in blazing flames.
Rupert hits you with a +4 battleaxe of flaming!!
Rupert burns you. The manticore bites you!
The manticore claws you but does no damage.
The manticore claws you.
Rupert is engulfed in blazing flames.
Rupert hits you with a +4 battleaxe of flaming!!
* * * LOW HITPOINT WARNING * * *
You feel protected from physical attacks.
Rupert burns you!
You die...

#.# #####.##
#......#
#......#####.#
#.............
#.<....#####.#
#.....§#
#.....○#
#...○.@#
#.....@HH'..?.
#######T.'...∩
..'....
..##... ... ..
.... # ..###


You could see Rupert (berserk), 2 manticores and a troll.

Vanquished Creatures
  Josephine (D:11)
  A boulder beetle (D:11)
  2 two-headed ogres
  Nergalle (D:11)
  2 deep elf zephyrmancers (D:11)
  Maurice (D:9)
  A gargoyle (D:11)
  2 trolls (D:11)
  Grinder (D:3)
  A wyvern (D:9)
  A shadow (D:11)
  4 wraiths
  10 yaks (D:8)
  4 steam dragons
  6 vampire mosquitoes
  Menkaure (D:7)
  A water moccasin (D:7)
  Duvessa (D:7)
  7 orc warriors
  An ice beast (D:5)
  3 ogres
  5 centaurs
  A phantom (D:6)
  2 elf zombies (D:4)
  2 necrophages
  4 bullfrogs
  3 kobold brigands
  2 wyvern zombies (Ossuary)
  2 gnoll sergeants
  6 scorpions
  An elf skeleton (D:4)
  3 wights (D:8)
  2 water moccasin zombies (Ossuary)
  Dowan (D:7)
  14 killer bees
  2 howler monkeys (D:7)
  10 bullfrog zombies (Ossuary)
  3 centaur zombies (Ossuary)
  7 orc priests
  A hound (D:5)
  2 jellies (D:5)
  Natasha (thrice) (D:3)
  4 iguanas
  9 orc wizards
  A hell rat (Sewer)
  2 killer bee zombies (Ossuary)
  15 mummies (Ossuary)
  4 howler monkey zombies (Ossuary)
  11 gnolls
  8 adders
  4 shadow imps
  4 white imps
  2 dart slugs
  40 orcs
  10 bats
  5 endoplasms
  6 giant cockroaches
  10 goblins
  9 hobgoblins
  6 jackals
  13 kobolds
  9 quokkas
  10 ball pythons
  5 frilled lizards
  2 orc skeletons (D:4)
  An orc zombie (D:4)
  11 rats
329 creatures vanquished.

Vanquished Creatures (collateral kills)
  2 wraiths (D:11)
  An acid dragon (D:11)
  An orc wizard (D:11)
  An orc (D:11)
  3 kobolds (D:11)
8 creatures vanquished.

Vanquished Creatures (others)
  A vampire mosquito (D:11)
  2 kobolds (D:11)
  A plant (D:11)
  3 withered plants (Ossuary)
7 creatures vanquished.

Grand Total: 344 creatures vanquished

Notes
Turn   | Place    | Note
-------+----------+-------------------------------------------
     0 | D:1      | purpskrrrp the Minotaur Fighter began the quest for the
                  | Orb.
     0 | D:1      | Reached XP level 1. HP: 19/19 MP: 0/0
   199 | D:1      | Reached XP level 2. HP: 27/27 MP: 1/1
   812 | D:2      | Found a stormy altar of Qazlal.
   814 | D:2      | Reached XP level 3. HP: 33/33 MP: 2/2
   820 | D:2      | Reached skill level 3 in Polearms
   882 | D:2      | Became a worshipper of Qazlal Stormbringer
  1120 | D:2      | Reached XP level 4. HP: 41/41 MP: 3/3
  1440 | D:3      | Noticed Grinder
  1453 | D:3      | Killed Grinder
  1454 | D:3      | Reached skill level 5 in Polearms
  1454 | D:3      | Reached skill level 1 in Invocations
  1454 | D:3      | Reached XP level 5. HP: 26/47 MP: 3/5
  1454 | D:3      | Reached XP level 6. HP: 30/55 MP: 3/6
  1650 | D:3      | Found a glowing drain.
  1680 | Sewer    | Entered a sewer
  2051 | D:3      | Found a stormy altar of Qazlal.
  2174 | D:3      | Noticed Natasha
  2184 | D:3      | Killed Natasha
  2184 | D:3      | Reached * piety under Qazlal
  2185 | D:3      | Reached skill level 5 in Armour
  2185 | D:3      | Reached skill level 1 in Dodging
  2187 | D:3      | Found a faded altar of an unknown god.
  2393 | D:3      | You fall into a shaft and drop 2 floors!
  2393 | D:5      | Entered Level 5 of the Dungeon
  2404 | D:5      | Reached skill level 5 in Fighting
  2412 | D:5      | Noticed an ice beast
  2425 | D:5      | Killed an ice beast
  2426 | D:5      | Reached skill level 6 in Polearms
  2426 | D:5      | Reached XP level 7. HP: 41/61 MP: 6/8
  2548 | D:5      | Found a staircase to the Ecumenical Temple.
  3122 | D:5      | Reached skill level 7 in Polearms
  3283 | D:5      | Reached XP level 8. HP: 69/69 MP: 9/9
  3576 | D:5      | Found Soxzeawk's Magic Scroll Shop.
  3607 | D:5      | Reached ** piety under Qazlal
  3731 | D:4      | Reached skill level 8 in Polearms
  3759 | D:4      | Found a sand-covered staircase.
  3802 | Ossuary  | Entered an ossuary
  3923 | Ossuary  | Reached skill level 9 in Polearms
  4031 | Ossuary  | Reached skill level 5 in Shields
  4031 | Ossuary  | Reached skill level 5 in Invocations
  4031 | Ossuary  | Reached XP level 9. HP: 78/78 MP: 11/11
  4076 | Ossuary  | Reached *** piety under Qazlal
  5035 | D:4      | Found a radiant altar of Vehumet.
  5035 | D:4      | Found an ancient bone altar of Kikubaaqudgha.
  5037 | D:4      | Found a shimmering blue altar of Sif Muna.
  5044 | D:4      | Got Vehumet's Opusculum on Attacks
  5090 | D:3      | Noticed Natasha
  5095 | D:3      | Killed Natasha
  5098 | D:3      | Noticed Natasha
  5104 | D:3      | Killed Natasha
  5244 | D:6      | Reached skill level 10 in Polearms
  5452 | D:6      | Identified a scroll of acquirement
  5452 | D:6      | Acquired the +6 halberd of the Charming Gods {pain, Dex+3
                  | Stlth+}
  5670 | D:6      | Found an ornate altar of the Wu Jian Council.
  5910 | D:6      | Found a shimmering altar of Xom.
  6142 | D:7      | Noticed Duvessa
  6143 | D:7      | Noticed Dowan
  6151 | D:7      | Killed Duvessa
  6153 | D:7      | Killed Dowan
  6282 | D:7      | Reached skill level 11 in Polearms
  6290 | D:7      | Noticed Menkaure
  6296 | D:7      | Killed Menkaure
  6646 | D:7      | Identified the ring "Oplopal" {rC+ rCorr Int+2 SInv}
  6793 | D:8      | Found a white marble altar of Elyvilon.
  6794 | D:8      | Found a glowing golden altar of the Shining One.
  6795 | D:8      | Found a glowing silver altar of Zin.
  6819 | D:8      | Identified the +1 robe "Miesucoa" {Harm rCorr Int+6}
  6885 | D:8      | Noticed a two-headed ogre
  6887 | D:8      | Reached **** piety under Qazlal
  6900 | D:8      | Killed a two-headed ogre
  6901 | D:8      | Reached XP level 10. HP: 52/86 MP: 13/13
  7254 | D:8      | Reached skill level 12 in Polearms
  8035 | D:9      | Found Paefotyrgh's Distillery.
  8331 | D:9      | Noticed Maurice
  8340 | D:9      | Killed Maurice
  8939 | D:10     | Entered Level 10 of the Dungeon
  9006 | D:10     | Reached XP level 11. HP: 97/97 MP: 15/15
  9008 | D:10     | Reached skill level 13 in Polearms
  9008 | D:10     | Reached skill level 1 in Stealth
  9559 | D:10     | Found a burning altar of Makhleb.
 10168 | D:10     | Reached ***** piety under Qazlal
 10469 | D:10     | Found a staircase to the Orcish Mines.
 10603 | D:11     | Noticed Josephine
 10614 | D:11     | Killed Josephine
 10632 | D:11     | Noticed a two-headed ogre
 10635 | D:11     | Killed a two-headed ogre
 10799 | D:11     | Noticed a boulder beetle
 10811 | D:11     | Killed a boulder beetle
 10812 | D:11     | Reached skill level 10 in Fighting
 10812 | D:11     | Reached skill level 14 in Polearms
 11094 | D:11     | Found a staircase to the Lair.
 11284 | D:11     | Noticed a deep elf zephyrmancer
 11287 | D:11     | Noticed Nergalle
 11434 | D:11     | Killed Nergalle
 11450 | D:11     | Noticed a deep elf zephyrmancer
 11456 | D:11     | Killed a deep elf zephyrmancer
 11707 | D:11     | Noticed a deep elf zephyrmancer
 11720 | D:11     | Killed a deep elf zephyrmancer
 11939 | D:11     | Got the Incunable of Axaxaxas mlö
 11946 | D:11     | Got the Vellum of Dhcmrlchtdj
 11960 | D:11     | Got Ts'ui Pên's Encyclopedia of Forking Paths
 12123 | D:12     | Noticed Rupert
 12125 | D:12     | Found Uryg's General Store.
 12125 | D:12     | Paralysed by Rupert for 4 turns
 12128 | D:12     | Slain by Rupert

Illustrated notes

Levels and vault maps discovered:
D:1:      minmay_arrival_doors, layout_basic
D:2:      layout_basic, basic_altar, chequers_hall_statues_wall_a,
          cheibrodos_gnoll_hut
D:3:      layout_loops_ring, mainiacjoe_overflow_six_doors_small,
          gup_sewer_entry_pipe, shapermc_ecumenical_altar_gd, kennysheep_potato,
          uniq_grinder, uniq_natasha
D:4:      cheibrodos_greedy_goblins, layout_cave_pools,
          grunt_temple_overflow_magic_moments, nicolae_ossuary_entry_catacombs,
          minmay_misc_feat_four_crosses
D:5:      layout_loops_corners, minmay_temple_entry_steel_oval, serial_shops,
          shop, kennysheep_generic_room_3
D:6:      layout_loops_ring, nicolae_overflow_crystal_walls,
          nicolae_wu_jian_wuxing_cycle
D:7:      layout_rooms, uniq_duvessa, uniq_menkaure
D:8:      layout_basic, good_gods_temple_1
D:9:      layout_roguey, serial_shops, nicolae_diamond_shop, uniq_maurice
D:10:     layout_roguey, mainiacjoe_overflow_brackets, david_orc_4, special_room
          [special_room_orc], chequers_serial_rivers_micro_d
D:11:     layout_long_grid, dpeg_oklobed_lair, hangedman_abyss_or_decor_passed,
          bh_hangedman_babel_library, uniq_josephine, uniq_nergalle
D:12:     layout_basic, dk_noncrumbling_2, kennysheep_windowed_goal, uniq_rupert

Skill      XL: |  1  2  3  4  5  6  7  8  9 10 11 |
---------------+----------------------------------+-----
Fighting       | 4 5 6 7 9 10 | 10.5
Armour         | 4 5 6 7 8 9 |  9.1
Polearms       | 3 5 6 7 9 11 12 14 | 14.6
Shields        | 4 5 6 7 |  7.2
Invocations    | 1 2 3 5 6 7 8 |  8.5
Dodging        | 1 2 3 4 |  4.0
Stealth        | 1 |  1.7

Action                   |  1- 3 |  4- 6 |  7- 9 | 10-12 || total
-------------------------+-------+-------+-------+-------++-------
Melee: Trident           |    88 |   123 |   414 |       ||   625
       Headbutt          |     5 |    11 |    93 |    64 ||   173
       Halberd           |       |       |    64 |   331 ||   395
Invok: Upheaval          |       |       |     1 |     2 ||     3
       Elemental Force   |       |       |       |     1 ||     1
  Use: Potion            |       |       |     1 |       ||     1
       Scroll            |       |       |    11 |     5 ||    16
Armor: Scale mail        |    25 |    34 |    80 |    74 ||   213
Dodge: Dodged            |    32 |    29 |   100 |   127 ||   288
       Repelled          |       |       |       |     3 ||     3
Block: Buckler           |    10 |    10 |    87 |       ||   107
       Other             |       |       |     7 |    65 ||    72

Table legend: (Time is in decaauts)
 A = Elapsed time spent in this place.
 B = Non-inter-level travel time spent in this place.
 C = Inter-level travel time spent in this place.
 D = Time resting spent in this place.
 E = Time spent auto-exploring this place.
 F = Levels seen in this place.
 G = Mean time per level.
                   A        B        C        D        E       F      G
               +--------+--------+--------+--------+--------+-----+--------+
         Total |  12116 |  11680 |    436 |   1322 |   8484 |  14 |  865.4 |
       Dungeon |  11325 |  10889 |    436 |   1219 |   8105 |  12 |  943.8 |
         Sewer |    162 |    162 |      0 |      0 |    114 |   1 |  162.0 |
       Ossuary |    628 |    628 |      0 |    103 |    264 |   1 |  628.0 |
               +--------+--------+--------+--------+--------+-----+--------+

Top non-repeatable levels by time:
    D:10: 1585 daAuts
    D:11: 1494 daAuts
     D:5: 1318 daAuts
     D:8: 1227 daAuts
     D:3: 927 daAuts
     D:9: 902 daAuts
     D:6: 891 daAuts
     D:4: 779 daAuts
     D:1: 725 daAuts
     D:2: 720 daAuts
     D:7: 656 daAuts
 Ossuary: 628 daAuts
   Sewer: 162 daAuts
    D:12: 96 daAuts
